 Dungeon Crawl Stone Soup version 0.19.0-24-gb05acd6 (webtiles) character file.

109 nikopol the Skirmisher (level 4, 0/29 HPs)
             Began as a Gargoyle Berserker on Nov 19, 2016.
             Was a Believer of Trog.
             Killed from afar by an orc wizard (9 damage)
             ... with a puff of frost
             ... on level 3 of the Dungeon on Nov 20, 2016.
             The game lasted 00:04:48 (1792 turns).

nikopol the Skirmisher (Gargoyle Berserker)         Turns: 1792, Time: 00:04:50

Health: 0/29       AC: 11    Str: 20    XL:     4   Next: 89%
Magic:  4/4        EV: 10    Int:  8    God:    Trog [**....]
Gold:   126        SH:  0    Dex: 10    Spells: 0 memorised, 3 levels left

rFire  . . .     SeeInvis .     a - +0 hand axe
rCold  . . .     Gourm    .     e - +0 scale mail
rNeg   + . .     Faith    .     (no shield)
rPois  ∞         Spirit   .     j - +0 helmet
rElec  +         Reflect  .     (no cloak)
rCorr  .         Harm     .     (no gloves)
MR     +....                    (no boots)
Stlth  ..........               (no amulet)
                                (no ring)
                                g - ring of protection from magic

@: exhausted
A: negative energy resistance 1, electricity resistance, unbreathing,
petrification resistance, rot immunity, AC +3
a: Berserk, Trog's Hand, Burn Spellbooks, Renounce Religion


You were on level 3 of the Dungeon.
You worshipped Trog.
Trog was pleased with you.
You were not hungry.

You visited 1 branch of the dungeon, and saw 3 of its levels.

You collected 126 gold pieces.

Inventory:

Hand Weapons
 a - a +0 hand axe (weapon)
Missiles
 s - 21 arrows (quivered)
Armour
 b - a +0 animal skin
 e - a +0 scale mail (worn)
 j - a +0 helmet (worn)
Jewellery
 g - a ring of protection from magic (left hand)
Scrolls
 i - 2 scrolls of recharging {unknown}
 l - 2 scrolls of identify {unknown}
 n - a scroll of teleportation {unknown}
 q - a scroll of noise {unknown}
 r - a scroll of fog {unknown}
Potions
 d - 3 potions of berserk rage {unknown}
 h - a potion of cure mutation {unknown}
 o - 4 potions of heal wounds {unknown}
 p - a potion of haste {unknown}
 t - a potion of ambrosia {unknown}
Comestibles
 c - 2 bread rations
 f - a beef jerky
 k - a meat ration
 m - a chunk of flesh


   Skills:
 + Level 3.9 Fighting
 + Level 3.4 Axes
 + Level 3.3 Armour
 + Level 2.3 Dodging


You had 3 spell levels left.
You didn't know any spells.

Dungeon Overview and Level Annotations

Branches:
Dungeon (3/15)

Altars:
Cheibriados
Dithmenos
Elyvilon
Okawaru
Uskayaw
Yredelemnul


Innate Abilities, Weirdness & Mutations

You are resistant to torment.
Your stone body is resilient. (AC +3)
You are immune to poison.
You resist negative energy. (rN+)
You are resistant to electric shocks. (rElec)
You can survive without breathing.
You are immune to petrification.
You are immune to rotting.


Message History

The orc wizard closely misses you.
You hit the orc wizard but do no damage.
The orc wizard is heavily wounded.
You hit the orc wizard. You hit the leopard gecko.
You kill the leopard gecko!
Trog accepts your kill.
The orc wizard hits you but does no damage.
The orc wizard barely misses you.
You miss the orc wizard.
The orc wizard is heavily wounded.
You hit the orc wizard.
You kill the orc wizard!
Trog accepts your kill.
Trog appreciates your killing of a magic user.
The orc wizard hits you but does no damage. x2
You hit the orc wizard but do no damage.
The orc wizard is moderately wounded.
The orc wizard gestures at you while chanting.
The puff of frost hits you!
You die...

###### ###....#
####......######
#.....#).......#
#.##.#_#..####.#
#.##..#...# #.#
#.##......# #.#
#@#####...# #.#
# ......†o)#
##### #.# #
....>....# #.###
########.# #....
.# ##### .# # .#
# .#


You could see an orc wizard.

Vanquished Creatures
  An orc wizard (D:3)
  Terence (D:3)
  2 worms (D:2)
  A dart slug (D:1)
  2 leopard geckos
  5 orcs
  3 giant cockroaches
  6 hobgoblins
  2 jackals (D:1)
  4 bats
  2 frilled lizards
  4 goblins
  5 kobolds
  4 rats
42 creatures vanquished.

Notes
Turn   | Place    | Note
-------+----------+-------------------------------------------
     0 | D:1      | nikopol the Gargoyle Berserker began the quest for the Orb.
     0 | D:1      | Reached XP level 1. HP: 14/14 MP: 1/1
     0 | D:1      | Upgraded the game from 0.19.0-22-gd96e5fe to 0.19.0-24-gb05acd6
   146 | D:1      | Reached XP level 2. HP: 19/19 MP: 2/2
   720 | D:1      | Reached XP level 3. HP: 23/23 MP: 3/3
   745 | D:2      | Found a shadowy altar of Dithmenos.
   831 | D:2      | Found a white marble altar of Elyvilon.
  1049 | D:2      | Reached ** piety under Trog
  1457 | D:2      | Found a basalt altar of Yredelemnul.
  1693 | D:3      | Found an iron altar of Okawaru.
  1697 | D:3      | Found a hide-covered altar of Uskayaw.
  1699 | D:3      | Found a snail-covered altar of Cheibriados.
  1747 | D:3      | Found a faded altar of an unknown god.
  1751 | D:3      | Noticed Terence
  1764 | D:3      | Killed Terence
  1764 | D:3      | Reached XP level 4. HP: 29/29 MP: 4/4
  1792 | D:3      | Killed from afar by an orc wizard

Skill      XL: |  1  2  3 |
---------------+----------+-----
Axes           | 3 |  3.4
Armour         | 3 |  3.3
Dodging        | 2 |  2.3
Fighting       | |  3.9

Action                   |  1- 3 |  4- 6 || total
-------------------------+-------+-------++-------
Melee: Hand axe          |   119 |    10 ||   129
Invok: Berserk           |     1 |       ||     1
  Eat: Chunk             |     3 |     1 ||     4
Armor: Animal skin       |     7 |       ||     7
       Scale mail        |    50 |     7 ||    57
Dodge: Dodged            |    79 |    11 ||    90
